 Dungeon Crawl Stone Soup version 0.27-a0-1287-gca74d27db6 (webtiles) character file.

Game seed: 7085560823729152741

9606 pokeman the Thaumaturge (level 11, -6/61 HPs)
             Began as a Deep Elf Hedge Wizard on June 14, 2021.
             Was a Priest of Vehumet.
             Mangled by a two-headed ogre (18 damage)
             ... on level 9 of the Dungeon.
             The game lasted 00:42:16 (13168 turns).

pokeman the Thaumaturge (Deep Elf Hedge Wizard)    Turns: 13168, Time: 00:42:16

Health: -6/61      AC:  8    Str:  7    XL:     11   Next: 25%
Magic:  0/31       EV: 13    Int: 23    God:    Vehumet [***...]
Gold:   1342       SH:  0    Dex: 20    Spells: 18/39 levels left

rFire    + . .     SeeInvis .   a - staff of conjuration
rCold    x . .     Faith    .   (no shield)
rNeg     . . .     Spirit   .   d - +0 troll leather armour {Purgy}
rPois    .         Reflect  .   N - +1 hat {Stlth+}
rElec    .         Harm     .   (no cloak)
rCorr    .         Rampage  .   (no gloves)
Will     +....                  x - +1 pair of boots
Stlth    +++.......             (no amulet)
HPRegen  1.20/turn              l - +6 ring of dexterity
MPRegen  0.22/turn              P - ring of fire

@: sluggish, very slow
A: no striking features
a: Renounce Religion


You were on level 9 of the Dungeon.
You worshipped Vehumet.
Vehumet was most pleased with you.
You visited 2 branches of the dungeon, and saw 10 of its levels.
You also visited: Sewer.

You collected 1462 gold pieces.
You spent 120 gold pieces at shops.

Inventory:

Hand Weapons
 q - a +1 dagger of venom
 D - a +0 trident of distortion
 J - a +2 shortbow of flaming
 K - a +0 hand crossbow
Missiles
 h - a curare-tipped dart
 j - 68 bolts
 t - 3 throwing nets
 w - 205 arrows
Armour
 d - a +0 troll leather armour (worn) {Purgy}
 x - a +1 pair of boots (worn)
 N - a +1 hat of stealth (worn)
Magical Staves
 a - a staff of conjuration (weapon)
 y - a staff of cold
Jewellery
 l - a +6 ring of dexterity (left hand)
 C - an amulet of guardian spirit
 H - a ring of resist corrosion
 P - a ring of fire (right hand)
Wands
 s - a wand of acid (3)
 M - a wand of charming (11)
 Q - a wand of mindburst (14)
 R - a wand of flame (22)
Scrolls
 b - 2 scrolls of amnesia
 c - 3 scrolls of teleportation
 e - 2 scrolls of fog
 g - a scroll of fear
 m - a scroll of enchant weapon
 o - a scroll of summoning
 u - 2 scrolls of brand weapon
 v - 2 scrolls of enchant armour
 F - a scroll of magic mapping
 G - a scroll of torment
 L - a scroll of vulnerability
 O - a scroll of immolation
Potions
 f - 2 potions of haste
 i - 2 potions of attraction
 k - 2 potions of curing
 n - 5 potions of heal wounds
 p - 5 potions of flight
 r - a potion of brilliance
 z - a potion of resistance {unknown}
 A - a potion of magic {unknown}
 B - a potion of berserk rage {unknown}
 E - a potion of might {unknown}
 I - a potion of mutation {unknown}


   Skills:
 - Level 4.0 Fighting
 + Level 4.7 Armour
 - Level 3.0 Dodging
 - Level 3.0 Stealth
 * Level 14.5 Spellcasting
 + Level 8.6 Conjurations
 - Level 1.1 Summonings
 - Level 1.1 Translocations
 + Level 8.2 Fire Magic
 - Level 1.3 Air Magic
 - Level 1.1 Poison Magic
 - Level 1.0 Evocations


You had 18 spell levels left.
You knew the following spells:

 Your Spells              Type           Power      Damage    Failure   Level
a - Magic Dart            Conj           100%       1d8       1%          1
b - Mephitic Cloud        Conj/Pois/Air  50%        N/A       1%          3
c - Call Imp              Summ           21%        N/A       4%          2
d - Blink                 Tloc           N/A        N/A       4%          2
e - Conjure Flame         Conj/Fire      90%        6-21      1%          3
f - Foxfire               Conj/Fire      100%       2x1d9     1%          1
g - Lightning Bolt        Conj/Air       28%        1d44      5%          5
h - Swiftness             Air            23%        N/A       9%          3
i - Shock                 Conj/Air       100%       1d9       1%          1

Your spell library contained the following spells:

 Spells                   Type           Power      Damage    Failure   Level
 Ignite Poison            Fire/Tmut/Pois 46%        N/A       1%          3
 Searing Ray              Conj           100%       3d7       1%          2
 Static Discharge         Conj/Air       56%        N/A       1%          2
 Dazzling Flash           Conj/Hex       100%       N/A       1%          3
 Iskenderun's Mystic Bla  Conj/Tloc      56%        2d12      1%          4
 Fulminant Prism          Conj/Hex       26%        3d14      2%          4
 Corona                   Hex            17%        N/A       4%          1
 Ensorcelled Hibernation  Hex/Ice        32%        N/A       8%          2
 Slow                     Hex            16%        N/A       8%          2
 Airstrike                Air            11%        N/A       8%          4
 Confusing Touch          Hex            16%        N/A       16%         3
 Tukima's Dance           Hex            16%        N/A       16%         3


Dungeon Overview and Level Annotations

Branches:
Dungeon (9/15)             Temple (1/1) D:4            Lair (0/6) D:9
  Sewer (visited)
    Orc: D:9-12

Altars:
Ashenzari
Dithmenos
Elyvilon
Fedhas
Hepliaklqana
Nemelex Xobeh
Qazlal
Ru
Sif Muna
Uskayaw
Vehumet
Xom
Yredelemnul
Zin

Shops:
D:6 ?

Annotations:
D:9 1 transporter


Message History

You feel sluggish. The crimson imp closely misses you.
Bobarctor's ghost hits you. Bobarctor's ghost freezes you.
The crimson imp completely misses you.
Unknown command.
Unknown command.
Casting: Lightning Bolt (dangerous; 5% risk of failure)
Confirm with . or Enter, or press ? or * to list all spells.
Aiming: Lightning Bolt (dangerous; 5% risk of failure)
Press: ? - help, Shift-Dir - straight line, f - two-headed ogre, p - bobarctor's ghost
Aim: a two-headed ogre, wielding a +5 great mace and a +5 dire flail (moderately wounded, 83% to hit)
You feel a surge of power!
You hear a mighty clap of thunder!
The bolt of lightning hits bobarctor's ghost!
Bobarctor's ghost is almost destroyed.
The bolt of lightning hits the two-headed ogre!
The two-headed ogre is severely wounded.
Bobarctor's ghost hits you. Bobarctor's ghost freezes you.
The crimson imp hits you but does no damage.
Unknown command.
Casting: Lightning Bolt (dangerous; 5% risk of failure)
Confirm with . or Enter, or press ? or * to list all spells.
Aiming: Lightning Bolt (dangerous; 5% risk of failure)
Press: ? - help, Shift-Dir - straight line, f/p - two-headed ogre
Aim: a two-headed ogre, wielding a +5 great mace and a +5 dire flail (heavily wounded, 83% to hit)
You feel a surge of power!
You hear a mighty clap of thunder!
The bolt of lightning hits bobarctor's ghost!!!
You destroy bobarctor's ghost!
Vehumet accepts your kill.
You feel your power returning.
The crimson imp disappears in a puff of smoke!
The bolt of lightning misses the two-headed ogre.
Unknown command.
Casting: Lightning Bolt (dangerous; 5% risk of failure)
Confirm with . or Enter, or press ? or * to list all spells.
You blink.
The two-headed ogre hits you with a +5 great mace!!
* * * LOW HITPOINT WARNING * * *
The two-headed ogre hits you with a +5 dire flail!!
You die...

## #####..## .## ########.#..##
..# #.....©#.#.#### #.#
#.#..#.#......# #'##
#..##..#......# #
...#############..##..#......# #
...'...........#.#..#$#©.....####
...#############©)...)#..........
...# #@#..#?#©.....#### ####
#O.##..#.##.### #)○##..#.#..#
#.#..#.#...##
#########......#..##
#.......########.######
#.........# #.......<#
#.........# #........#
#####.........# #........#


You could see a two-headed ogre.

Vanquished Creatures
  Gastronok (D:8)
  Harold (D:7)
  2 two-headed ogres (D:9)
  The ghost of arson the Cleaver, a novice MiFi of Okawaru (D:8)
  The ghost of bobarctor the Thaumaturge, a novice DENe of Kikubaaqudgha (D:9)
  Joseph (D:7)
  A troll (D:9)
  Prince Ribbit (D:7)
  Sigmund (D:3)
  2 wyverns
  2 water moccasins
  Duvessa (D:5)
  A sky beast (D:5)
  3 ice beasts (D:8)
  An orc warrior (D:8)
  A necrophage (D:6)
  3 ogres
  6 centaurs
  2 phantoms (D:5)
  2 kobold brigands (D:8)
  2 bullfrogs
  2 wyvern zombies
  2 gnoll sergeants (D:8)
  3 scorpions
  2 water moccasin zombies (D:7)
  Dowan (D:5)
  A water moccasin skeleton (D:5)
  3 howler monkeys
  2 centaur zombies
  A jelly (D:4)
  A centaur skeleton (D:6)
  9 orc priests
  A bullfrog skeleton (D:3)
  A gnoll shaman (D:6)
  A hound (D:5)
  2 iguanas (D:4)
  Jessica (D:3)
  Natasha (twice) (D:2)
  Terence (D:2)
  6 orc wizards
  A killer bee zombie (D:6)
  A centaur simulacrum (D:8)
  2 howler monkey zombies
  15 gnolls
  8 adders
  A shadow imp (D:7)
  2 white imps
  A howler monkey simulacrum (D:8)
  An adder skeleton (D:4)
  3 dart slugs
  2 worms
  40 orcs
  8 bats
  4 endoplasms
  3 giant cockroaches
  4 goblins
  3 hobgoblins
  11 jackals
  14 kobolds
  8 quokkas
  5 ball pythons
  7 frilled lizards
  3 rats
225 creatures vanquished.

Vanquished Creatures (collateral kills)
  Purgy (Sewer)
  Natasha (D:2)
  A killer bee simulacrum (D:8)
  An orc (D:3)
  An endoplasm (D:3)
  A goblin (D:2)
6 creatures vanquished.

Vanquished Creatures (others)
  305 foxfires
  A plant (D:2)
306 creatures vanquished.

Grand Total: 537 creatures vanquished

Notes
Turn   | Place    | Note
-------+----------+-------------------------------------------
     0 | D:1      | pokeman the Deep Elf Hedge Wizard began the quest for the
                  | Orb.
     0 | D:1      | Reached XP level 1. HP: 10/10 MP: 7/7
   343 | D:1      | Reached XP level 2. HP: 9/15 MP: 2/9
  1233 | D:1      | Reached skill level 5 in Spellcasting
  1393 | D:1      | Reached XP level 3. HP: 17/20 MP: 2/11
  1397 | D:1      | Learned a level 3 spell: Mephitic Cloud
  1400 | D:1      | Learned a level 2 spell: Call Imp
  1403 | D:1      | Learned a level 2 spell: Blink
  1407 | D:1      | Learned a level 3 spell: Conjure Flame
  1937 | D:2      | Reached skill level 1 in Fighting
  2095 | D:2      | Learned a level 1 spell: Shock
  2613 | D:2      | Reached skill level 1 in Armour
  2698 | D:2      | Noticed Natasha
  2699 | D:2      | Noticed Terence
  2707 | D:2      | Killed Natasha
  2708 | D:2      | Reached XP level 4. HP: 18/25 MP: 4/13
  2777 | D:2      | Killed Terence
  3117 | D:2      | Found a faded altar of an unknown god.
  3157 | D:2      | Noticed Natasha
  3164 | D:2      | Killed Natasha
  3165 | D:2      | Reached skill level 1 in Fire Magic
  3165 | D:2      | Reached XP level 5. HP: 29/29 MP: 6/15
  3248 | D:2      | Noticed Natasha
  3261 | D:2      | Killed Natasha
  3262 | D:2      | Reached skill level 6 in Spellcasting
  3872 | D:3      | Noticed Jessica
  3888 | D:3      | Killed Jessica
  3938 | D:3      | Found a sacrificial altar of Ru.
  4138 | D:3      | Found a sparkling altar of Nemelex Xobeh.
  4164 | D:3      | Found a glowing drain.
  4175 | Sewer    | Entered a sewer
  4318 | Sewer    | Noticed Purgy
  4335 | Sewer    | Killed Purgy
  4336 | Sewer    | Reached skill level 1 in Air Magic
  4336 | Sewer    | Reached XP level 6. HP: 28/34 MP: 5/17
  4721 | D:3      | Reached skill level 1 in Poison Magic
  4760 | D:3      | Noticed Sigmund
  4780 | D:3      | Found a hide-covered altar of Uskayaw.
  4898 | D:3      | Reached skill level 7 in Spellcasting
  5378 | D:3      | Killed Sigmund
  5379 | D:3      | Reached XP level 7. HP: 23/39 MP: 12/20
  5623 | D:4      | Found a shadowy altar of Dithmenos.
  5852 | D:4      | Reached skill level 8 in Spellcasting
  6405 | D:4      | Found a staircase to the Ecumenical Temple.
  6412 | Temple   | Entered the Ecumenical Temple
  6424 | Temple   | Became a worshipper of Vehumet
  6788 | D:5      | Entered Level 5 of the Dungeon
  6788 | D:5      | Noticed Dowan
  6788 | D:5      | Noticed a wyvern
  6845 | D:5      | Killed a wyvern
  6846 | D:5      | Reached XP level 8. HP: 16/44 MP: 13/22
  6850 | D:5      | Noticed Duvessa
  6960 | D:4      | Reached skill level 9 in Spellcasting
  7055 | D:5      | Killed Duvessa
  7069 | D:5      | Killed Dowan
  7234 | D:5      | Found a stormy altar of Qazlal.
  7238 | D:5      | Found a blossoming altar of Fedhas.
  7323 | D:5      | Reached skill level 5 in Conjurations
  7576 | D:5      | Reached skill level 10 in Spellcasting
  7888 | D:6      | Reached * piety under Vehumet
  7888 | D:6      | Offered knowledge of Foxfire by Vehumet.
  7891 | D:6      | Learned a level 1 spell: Foxfire
  7895 | D:6      | Learned a level 3 spell: Swiftness
  7901 | D:6      | Learned a level 5 spell: Lightning Bolt
  8049 | D:6      | Reached XP level 9. HP: 45/48 MP: 14/25
  8057 | D:6      | Reached skill level 5 in Fire Magic
  8170 | D:6      | Found Emebair's Magic Scroll Boutique.
  9054 | D:7      | Reached skill level 11 in Spellcasting
  9307 | D:7      | Found a white marble altar of Elyvilon.
  9307 | D:7      | Noticed Joseph
  9324 | D:7      | Killed Joseph
  9328 | D:7      | Noticed Prince Ribbit
  9331 | D:7      | Killed Prince Ribbit
  9331 | D:7      | Offered knowledge of Poisonous Vapours by Vehumet.
  9530 | D:7      | Noticed Harold
  9923 | D:7      | Killed Harold
  9924 | D:7      | Reached skill level 12 in Spellcasting
 10156 | D:7      | Identified a scroll of acquirement
 10464 | D:7      | Reached XP level 10. HP: 56/56 MP: 26/28
 10473 | D:7      | Found a basalt altar of Yredelemnul.
 10474 | D:7      | Acquired 970 gold pieces
 10574 | D:6      | Bought a scroll of identify for 30 gold pieces
 10574 | D:6      | Bought a scroll of identify for 30 gold pieces
 10574 | D:6      | Bought a scroll of identify for 30 gold pieces
 10574 | D:6      | Bought a scroll of identify for 30 gold pieces
 10794 | D:8      | Reached ** piety under Vehumet
 11049 | D:8      | Found a runed translucent gate.
 11049 | D:8      | Found a runed translucent gate.
 11050 | D:8      | Found a runed translucent gate.
 11202 | D:8      | Offered knowledge of Ignite Poison by Vehumet.
 11314 | D:8      | Found a hazy altar of Hepliaklqana.
 11378 | D:8      | Noticed Gastronok
 11487 | D:8      | Reached skill level 1 in Evocations
 11603 | D:8      | Killed Gastronok
 11604 | D:8      | Reached skill level 13 in Spellcasting
 12005 | D:8      | Noticed arson's ghost (novice MiFi)
 12117 | D:8      | Killed arson's ghost
 12330 | D:9      | Noticed a two-headed ogre
 12332 | D:9      | Noticed bobarctor's ghost (novice DENe)
 12334 | D:9      | Found a transporter.
 12334 | D:9      | Noticed a two-headed ogre
 12335 | D:9      | Noticed a two-headed ogre
 12340 | D:9      | Found a transporter.
 12607 | D:9      | Reached skill level 14 in Spellcasting
 12691 | D:9      | Reached XP level 11. HP: 61/61 MP: 25/31
 12834 | D:9      | Reached *** piety under Vehumet
 12979 | D:9      | Found a staircase to the Lair.
 13155 | D:9      | Killed a two-headed ogre
 13163 | D:9      | Killed a two-headed ogre
 13166 | D:9      | Killed bobarctor's ghost
 13168 | D:9      | Mangled by a two-headed ogre

Illustrated notes

Levels and vault maps discovered:
D:1:      scummos_arrival_star, layout_loops_corners
D:2:      layout_basic, chequers_ecumenical_altar_lobes, uniq_natasha,
          uniq_terence
D:3:      layout_basic, lemuel_tele_altar, overflow_temple_1_default,
          nemelex_xobeh_ov_fountains_minmay, cheibrodos_sewer_entry_bend,
          uniq_jessica, uniq_sigmund
D:4:      cheibrodos_pilgrimage, layout_loops_ring,
          nicolae_dithmenos_shadow_blocks, temple_green
D:5:      layout_rooms, grunt_temple_overflow_forces_of_nature,
          minmay_misc_feat_plants, uniq_duvessa
D:6:      layout_basic, serial_shops, nicolae_shop_stone
D:7:      layout_basic, lemuel_zombie_altar_yredelemnul, elyvilon_altar_3,
          uniq_harold, uniq_joseph, uniq_prince_ribbit1
D:8:      layout_basic, nicolae_hepliaklqana_hippocampus, gammafunk_ghost_icy,
          uniq_gastronok
D:9:      layout_roguey, lair_entry_dummy, gammafunk_ghost_smash
Temple:   nicolae_temple_god_jail

Skill      XL: |  1  2  3  4  5  6  7  8  9 10 11 |
---------------+----------------------------------+-----
Spellcasting   | 5 6 7 8 10 12 14 | 14.5
Fighting       | 1 2 3 4 |  4.0
Armour         | 1 3 4 |  4.7
Conjurations   | 2 3 4 5 7 8 |  8.6
Dodging        | 3 |  3.0
Fire Magic     | 1 2 3 4 6 7 8 |  8.2
Stealth        | 3 |  3.0
Air Magic      | 1 |  1.3
Poison Magic   | 1 |  1.1
Evocations     | 1 |  1.0
Summonings     | |  1.1
Translocations | |  1.1

Action                   |  1- 3 |  4- 6 |  7- 9 | 10-12 || total
-------------------------+-------+-------+-------+-------++-------
Melee: Spear             |    17 |    13 |       |       ||    30
       Dagger            |       |    27 |   103 |    24 ||   154
       Staff             |       |       |       |     7 ||     7
 Cast: Magic Dart        |   118 |    72 |   160 |     8 ||   358
       Call Imp          |     1 |    13 |    13 |     6 ||    33
       Mephitic Cloud    |     1 |     5 |    25 |    10 ||    41
       Conjure Flame     |       |     3 |    20 |    16 ||    39
       Blink             |       |     2 |     5 |     1 ||     8
       Foxfire           |       |       |    52 |   112 ||   164
       Lightning Bolt    |       |       |       |     9 ||     9
       Swiftness         |       |       |       |     1 ||     1
Evoke: Wand              |       |       |       |     1 ||     1
  Use: Scroll            |       |     3 |     9 |    10 ||    22
       Potion            |       |     1 |       |       ||     1
 Stab: Sleeping          |     1 |       |       |       ||     1
       Distracted        |       |     1 |       |       ||     1
       Confused          |       |     3 |    11 |     2 ||    16
Armor: Robe              |     6 |       |       |       ||     6
       Leather armour    |     8 |    11 |       |       ||    19
       Troll leather arm |       |    19 |    33 |    14 ||    66
Dodge: Dodged            |    25 |    34 |    86 |    36 ||   181

Table legend: (Time is in decaauts)
 A = Elapsed time spent in this place.
 B = Non-inter-level travel time spent in this place.
 C = Inter-level travel time spent in this place.
 D = Time resting spent in this place.
 E = Time spent auto-exploring this place.
 F = Levels seen in this place.
 G = Mean time per level.
                   A        B        C        D        E       F      G
               +--------+--------+--------+--------+--------+-----+--------+
         Total |  13218 |  12374 |    844 |    321 |   9711 |  11 | 1201.6 |
       Dungeon |  12817 |  11982 |    835 |    321 |   9400 |   9 | 1424.1 |
        Temple |     22 |     13 |      9 |      0 |      5 |   1 |   22.0 |
         Sewer |    378 |    378 |      0 |      0 |    306 |   1 |  378.0 |
               +--------+--------+--------+--------+--------+-----+--------+

Top non-repeatable levels by time:
     D:1: 1903 daAuts
     D:2: 1866 daAuts
     D:7: 1734 daAuts
     D:8: 1563 daAuts
     D:3: 1442 daAuts
     D:4: 1436 daAuts
     D:6: 1272 daAuts
     D:9: 839 daAuts
     D:5: 757 daAuts
   Sewer: 378 daAuts
  Temple: 22 daAuts
